 Dungeon Crawl Stone Soup version 0.21-a0-498-g1b60429 (webtiles) character file.

87 tidbits the Insei (level 4, -14/41 HPs)
             Began as a Gnoll Monk on Nov 24, 2017.
             Killed from afar by a steam dragon (15 damage)
             ... with a ball of steam
             ... on level 6 of the Dungeon.
             The game lasted 00:04:40 (725 turns).

tidbits the Insei (Gnoll Monk)                       Turns: 725, Time: 00:04:40

Health: -14/41     AC:  6    Str: 13      XL:     4   Next: 51%
Magic:  5/5        EV: 14    Int: 12 (13) God:
Gold:   67         SH:  0    Dex: 17 (18) Spells: 5/5 levels left

rFire    . . .     SeeInvis .     - Unarmed
rCold    . . .     Gourm    .   (no shield)
rNeg     . . .     Faith    .   m - +0 ring mail
rPois    .         Spirit   .   E - +1 hat
rElec    .         Reflect  .   (no cloak)
rCorr    .         Harm     .   (no gloves)
MR       +....                  (no boots)
Stlth    ++........             (no amulet)
HPRegen  0.13/turn              (no ring)
MPRegen  0.09/turn              (no ring)

@: drained
A: distributed training, fangs 1, talons 1, blurry vision 1, deterioration 1,
magic resistance 1, strong nose
a: no special abilities


You were on level 6 of the Dungeon.
You were not hungry.

You visited 1 branch of the dungeon, and saw 6 of its levels.

You collected 67 gold pieces.

Inventory:

Hand Weapons
 k - a +0 short sword
 r - a +1 dagger of venom
   (You took it off a kobold on level 3 of the Dungeon)
 t - a +2 morningstar of draining
   (You took it off an orc on level 5 of the Dungeon)
Missiles
 d - 5 curare-tipped needles
 j - 26 sling bullets
 l - 36 stones (quivered)
 o - 53 bolts
Armour
 a - a +0 robe
 m - a +0 ring mail (worn)
 E - a +1 hat (worn)
Jewellery
 u - a cursed ring of loudness {unknown}
   (You found it on level 4 of the Dungeon)
Scrolls
 c - 2 scrolls of identify {unknown}
 e - a scroll of summoning {unknown}
 g - a scroll of immolation {unknown}
 h - a scroll of teleportation {unknown}
 v - a scroll of magic mapping {unknown}
Potions
 f - 2 potions of brilliance {unknown}
 i - a potion of invisibility {unknown}
 n - a potion of curing {unknown}
 p - a potion of degeneration {unknown}
 q - a potion of ambrosia {unknown}
 s - a potion of might {unknown}
Comestibles
 b - 2 bread rations


   Skills:
 + Level 6.6(6.5) Fighting
 + Level 1.1(1.0) Short Blades
 + Level 1.1(1.0) Long Blades
 + Level 1.1(1.0) Axes
 + Level 1.1(1.0) Maces & Flails
 + Level 1.1(1.0) Polearms
 + Level 1.1(1.0) Staves
 + Level 1.1(1.0) Slings
 + Level 1.1(1.0) Bows
 + Level 1.1(1.0) Crossbows
 + Level 1.1(1.0) Throwing
 + Level 1.1(1.0) Armour
 + Level 6.6(6.5) Dodging
 + Level 4.2 Stealth
 + Level 1.1(1.0) Shields
 + Level 6.6(6.5) Unarmed Combat
 + Level 1.1(1.0) Spellcasting
 + Level 0.9(0.8) Conjurations
 + Level 0.9(0.8) Hexes
 + Level 0.9(0.8) Charms
 + Level 0.9(0.8) Summonings
 + Level 0.9(0.8) Necromancy
 + Level 0.9(0.8) Translocations
 + Level 0.9(0.8) Transmutations
 + Level 0.9(0.8) Fire Magic
 + Level 0.9(0.8) Ice Magic
 + Level 0.9(0.8) Air Magic
 + Level 0.9(0.8) Earth Magic
 + Level 0.9(0.8) Poison Magic
 + Level 1.2 Invocations
 + Level 1.1(1.0) Evocations


You had 5 spell levels left.
You didn't know any spells.

Dungeon Overview and Level Annotations

Branches:
Dungeon (6/15)
 Temple: D:4-7

Altars:
Okawaru


Innate Abilities, Weirdness & Mutations

Your experience applies equally to all skills.
You have very sharp teeth.
Your uncanny sense of smell can sniff out nearby items.
You have sharp toenails.
Scrolls take you a little longer to read.
Your body sometimes deteriorates upon taking damage.
You are resistant to hostile enchantments. (MR+)


Message History

The worker ant bites you.
You punch the worker ant!
You kill the worker ant!
Found a stone staircase leading up.
Found a scale mail.
You see here a scroll labeled COETUA BAIPY.
e - a scroll labeled COETUA BAIPY
There is a stone staircase leading up here.
Found 14 bolts.
You see here 14 bolts.
o - 53 bolts (gained 14)
There is a stone staircase leading up here.
You climb upwards.
Found 14 gold pieces and an embroidered hat.
Found an escape hatch in the ceiling.
There is a stone staircase leading down here.
You see here an embroidered hat.
u - an embroidered hat Wear which item? (? for menu, Esc to quit)
You start putting on your armour.
You continue putting on your embroidered hat. x4
You finish putting on your +1 hat.
Adjust (i)tems, (s)pells, or (a)bilities?
Adjust which item? (? for menu, Esc to quit)
u - a +1 hat (worn)
Adjust to which letter? (? for menu, Esc to quit)
E - a +1 hat (worn)
Found a garnet ring and 9 gold pieces.
A quokka comes into view.
You see here 14 gold pieces.
You now have 58 gold pieces (gained 14).
You see here a garnet ring.
u - a garnet ring The helpless quokka fails to defend itself.
You hit the quokka.
The quokka is moderately wounded.
The quokka barely misses you.
You hit the quokka but do no damage. You claw the quokka. You punch the quokka.
You kill the quokka!
As you open the door, it creaks loudly!
A worm comes into view.
The worm moves out of view.
You see here 9 gold pieces.
You now have 67 gold pieces (gained 9).
Found a scroll labeled GUGEYL LOCS.
A gnoll comes into view. It is wielding a flail.
You see here a scroll labeled GUGEYL LOCS.
v - a scroll labeled GUGEYL LOCS
There is a stone staircase leading down here.
You climb downwards.
There is a stone staircase leading up here.
There is a stone staircase leading down here.
You climb downwards.
There is a stone staircase leading up here.
Found a stone staircase leading down.
Found a stone staircase leading up.
There is a stone staircase leading up here.
You climb upwards.
There is a stone staircase leading down here.
There is a stone staircase leading down here.
You climb downwards.
There is a stone staircase leading up here.
A steam dragon comes into view.
There is a dry fountain here.
The helpless steam dragon fails to defend itself.
You hit the steam dragon.
You claw the steam dragon, but do no damage.
The steam dragon is lightly wounded.
The steam dragon bites you. The steam dragon closely misses you.
You hit the steam dragon but do no damage.
You claw the steam dragon.
You bite the steam dragon, but do no damage.
The steam dragon is lightly wounded.
The steam dragon bites you.
Your body deteriorates!
You feel clumsy. The steam dragon completely misses you.
You barely miss the steam dragon.
The steam dragon is lightly wounded.
The steam dragon barely misses you. x2
You barely miss the steam dragon.
You claw the steam dragon, but do no damage.
The steam dragon is lightly wounded.
The steam dragon bites you. The steam dragon barely misses you.
You hit the steam dragon. You claw the steam dragon.
The steam dragon is moderately wounded.
The steam dragon breathes steam at you. The ball of steam hits you!
* * * LOW HITPOINT WARNING * * *
Your body deteriorates!
You feel dopey.
You hear an angry hiss. x2
You closely miss the steam dragon.
The steam dragon is moderately wounded.
You are engulfed in a cloud of scalding steam.
You punch the steam dragon!
The steam dragon is heavily wounded.
You are engulfed in a cloud of scalding steam.
* * * LOW HITPOINT WARNING * * *
The steam dragon breathes steam at you. The ball of steam hits you!
You die...

#.####.#......
#.# #.....##.
#####.#
###.####.
##...#.#
#.####<
#......#
#......
##.#####
#######
##.§.##
#..§..#
#..@.≈#
#..D≈≈#
....≈≈≈##
#≈≈≈≈####
#####


You could see a steam dragon.

Vanquished Creatures
  A bullfrog skeleton (D:5)
  A worker ant (D:5)
  2 oozes
  A dart slug (D:1)
  2 leopard geckos
  An orc (D:5)
  3 bats (D:1)
  A giant cockroach (D:1)
  3 goblins (D:1)
  2 hobgoblins
  4 kobolds
  A quokka (D:4)
  A frilled lizard (D:5)
  2 rats (D:1)
25 creatures vanquished.

Notes
Turn   | Place    | Note
-------+----------+-------------------------------------------
     0 | D:1      | tidbits the Gnoll Monk began the quest for the Orb.
     0 | D:1      | Reached XP level 1. HP: 23/23 MP: 1/1
    43 | D:1      | Reached XP level 2. HP: 28/29 MP: 2/2
   399 | D:2      | Reached XP level 3. HP: 35/35 MP: 3/3
   438 | D:3      | Found an iron altar of Okawaru.
   536 | D:5      | Entered Level 5 of the Dungeon
   571 | D:5      | Gained mutation: Your magical capacity is low. (-10% MP) [potion of mutation]
   571 | D:5      | Gained mutation: You have a somewhat thin skeletal structure. (Dex +2, Stealth) [potion of mutation]
   571 | D:5      | Gained mutation: Armour fits poorly on your strangely shaped body. [potion of mutation]
   571 | D:5      | Gained mutation: You are resistant to hostile enchantments. (MR+) [potion of mutation]
   572 | D:5      | Lost mutation: Your magical capacity is low. (-10% MP) [potion of mutation]
   572 | D:5      | Lost mutation: You have a somewhat thin skeletal structure. (Dex +2, Stealth) [potion of mutation]
   572 | D:5      | Lost mutation: Armour fits poorly on your strangely shaped body. [potion of mutation]
   572 | D:5      | Gained mutation: Your body sometimes deteriorates upon taking damage. [potion of mutation]
   572 | D:5      | Gained mutation: Scrolls take you a little longer to read. [potion of mutation]
   572 | D:5      | Gained mutation: You have sharp toenails. [potion of mutation]
   580 | D:5      | Reached skill level 1 in Short Blades
   580 | D:5      | Reached skill level 1 in Long Blades
   580 | D:5      | Reached skill level 1 in Axes
   580 | D:5      | Reached skill level 1 in Maces & Flails
   580 | D:5      | Reached skill level 1 in Polearms
   580 | D:5      | Reached skill level 1 in Staves
   580 | D:5      | Reached skill level 1 in Slings
   580 | D:5      | Reached skill level 1 in Bows
   580 | D:5      | Reached skill level 1 in Crossbows
   580 | D:5      | Reached skill level 1 in Throwing
   580 | D:5      | Reached skill level 1 in Armour
   580 | D:5      | Reached skill level 1 in Shields
   580 | D:5      | Reached skill level 1 in Spellcasting
   580 | D:5      | Reached skill level 1 in Invocations
   580 | D:5      | Reached skill level 1 in Evocations
   580 | D:5      | Reached XP level 4. HP: 28/41 MP: 3/5
   714 | D:6      | Noticed a steam dragon
   725 | D:6      | HP: 1/41 [steam dragon] (12)]
   725 | D:6      | Killed from afar by a steam dragon

Vault maps used:
D:1:      shiori_arrival_maze
D:2:      cheibriados_altar_1, lemuel_crystal_altar, lemuel_round_altar
D:3:      minmay_roachtagon, first_bread, kennysheep_okawaru_gauntlet,
          uniq_robin
D:4:      lemuel_round_altar, serial_shops, kennysheep_mini_moat
D:5:      nicolae_gozag_seed_capital
D:6:      cheibrodos_steamvent, nicolae_overflow_hidden_temple,
          minmay_temple_entry_nine_rooms, trog_three_pillars_becter

Skill      XL: |  1  2  3 |
---------------+----------+-----
Short Blades   | 1 |  1.1
Long Blades    | 1 |  1.1
Axes           | 1 |  1.1
Maces & Flails | 1 |  1.1
Polearms       | 1 |  1.1
Staves         | 1 |  1.1
Slings         | 1 |  1.1
Bows           | 1 |  1.1
Crossbows      | 1 |  1.1
Throwing       | 1 |  1.1
Armour         | 1 |  1.1
Shields        | 1 |  1.1
Spellcasting   | 1 |  1.1
Invocations    | 1 |  1.2
Evocations     | 1 |  1.1
Fighting       | |  6.6
Dodging        | |  6.6
Stealth        | |  4.2
Unarmed Combat | |  6.6
Conjurations   | |  0.9
Hexes          | |  0.9
Charms         | |  0.9
Summonings     | |  0.9
Necromancy     | |  0.9
Translocations | |  0.9
Transmutations | |  0.9
Fire Magic     | |  0.9
Ice Magic      | |  0.9
Air Magic      | |  0.9
Earth Magic    | |  0.9
Poison Magic   | |  0.9

Action                   |  1- 3 |  4- 6 || total
-------------------------+-------+-------++-------
Melee: Unarmed           |    78 |    11 ||    89
       Bite              |     8 |     1 ||     9
       Kick              |     4 |     6 ||    10
       Punch             |     1 |     1 ||     2
  Use: Potion            |     2 |       ||     2
 Stab: Sleeping          |     2 |     2 ||     4
Armor: Robe              |     6 |       ||     6
       Ring mail         |     5 |     1 ||     6
Dodge: Dodged            |    66 |     6 ||    72

Table legend:
 A = Spawn XP
 B = Non-spawn XP
 C = Spawn XP percentage of total XP
 D = Spawn monster count
 E = Non-spawn monster count
 F = Spawn count percentage of total count
 G = Total turns spent on level
                    A         B        C        D         E        F      G
               +---------+---------+-------+---------+---------+-------+---------
         Total |       0 |     125 |   0.0 |       0 |      25 |   0.0 |   725
               +---------+---------+-------+---------+---------+-------+---------
           D:1 |       0 |      32 |   0.0 |       0 |      14 |   0.0 |   300
           D:2 |       0 |      10 |   0.0 |       0 |       3 |   0.0 |   138
           D:3 |       0 |       6 |   0.0 |       0 |       3 |   0.0 |    62
           D:4 |       0 |       2 |   0.0 |       0 |       1 |   0.0 |    93
           D:5 |       0 |      75 |   0.0 |       0 |       4 |   0.0 |    90
               +---------+---------+-------+---------+---------+-------+---------

Table legend:
 A = Turns spent in this place as a percentage of turns spent in the entire game.
 B = Non-inter-level travel turns spent in this place as a percentage of non-inter-level travel turns spent in the entire game.
 C = Inter-level travel turns spent in this place as a percentage of turns spent in this place.
 D = Turns resting spent in this place as a percentage of non-inter-level travel turns spent in this place.
 E = Turns spent auto-exploring this place as a percentage of non-inter-level travel turns spent in this place.
 F = Non-inter-level travel turns spent in this place divided by the number of levels of this place that you've seen.
                   A       B       C       D       E      F
               +-------+-------+-------+-------+-------+----------------------
         Total | 100.0 | 100.0 |   0.0 |   0.0 |   0.0 | 120.8
       Dungeon | 100.0 | 100.0 |   0.0 |   0.0 |   0.0 | 120.8
               +-------+-------+-------+-------+-------+----------------------

Table legend:
 A = Kills in this place as a percentage of kills in entire the game.
 B = Kills by you in this place as a percentage of kills by you in the entire game.
 C = Kills by friends in this place as a percentage of kills by friends in the entire game.
 D = Other kills in this place as a percentage of other kills in the entire game.
 E = Experience gained in this place as a percentage of experience gained in the entire game.
 F = Experience gained in this place divided by the number of levels of this place that you have seen.
                   A       B       C       D       E      F
               +-------+-------+-------+-------+-------+----------------------
         Total | 100.0 | 100.0 |   N/A |   N/A | 100.0 |  20.8
       Dungeon | 100.0 | 100.0 |   N/A |   N/A | 100.0 |  20.8
               +-------+-------+-------+-------+-------+----------------------

Vault maps used:
D:1:      shiori_arrival_maze
D:2:      cheibriados_altar_1, lemuel_crystal_altar, lemuel_round_altar
D:3:      minmay_roachtagon, first_bread, kennysheep_okawaru_gauntlet,
          uniq_robin
D:4:      lemuel_round_altar, serial_shops, kennysheep_mini_moat
D:5:      nicolae_gozag_seed_capital
D:6:      cheibrodos_steamvent, nicolae_overflow_hidden_temple,
          minmay_temple_entry_nine_rooms, trog_three_pillars_becter
